 Dungeon Crawl Stone Soup version 0.25-a0-645-gb4487340cb (webtiles) character file.

Game seed: 14820145873819632861, levelgen mode: deterministic

648 Eurus the Conjurer (level 7, 0/51 HPs)
             Began as a Mummy Conjurer on Mar 21, 2020.
             Was a Follower of Ashenzari.
             Slain by Pikel
             ... wielding a +1 whip of flaming
              (10 damage)
             ... on level 4 of the Dungeon.
             The game lasted 00:14:01 (5040 turns).

Eurus the Conjurer (Mummy Conjurer)                 Turns: 5040, Time: 00:14:02

Health: 0/51       AC:  2    Str: 11    XL:     7   Next: 27%
Magic:  4/15       EV: 12    Int: 16    God:    Ashenzari [*.....]
Gold:   249        SH:  0    Dex:  9    Spells: 10/17 levels left

rFire    x . .     SeeInvis .   m - +5 dagger (elec)
rCold    + . .     Gourm    .   (no shield)
rNeg     + + +     Faith    .   a - +0 robe
rPois    ∞         Spirit   .   c - +0 helmet
rElec    .         Reflect  .   (no cloak)
rCorr    +         Harm     .   i - -2 pair of gloves of Gif Qasata {+Blink rCorr Dex-4} (curse)
MR       .....                  (no boots)
Stlth    ++........             (no amulet)
HPRegen  0.17/turn              (no ring)
MPRegen  0.14/turn              (no ring)

@: no status effects
A: no food or potions, fire vulnerability, cold resistance 1, negative energy
resistance 3, torment resistance, unbreathing
a: Curse Item, Scrying, Renounce Religion, Evoke Blink


You were on level 4 of the Dungeon.
You worshipped Ashenzari.
Ashenzari was aware of your devotion.
You were not hungry.

You visited 1 branch of the dungeon, and saw 5 of its levels.

You collected 249 gold pieces.

Inventory:

Hand Weapons
 f - a +2 hand axe of flaming
 m - a +5 dagger of electrocution (weapon)
Armour
 a - a +0 robe (worn)
 c - a +0 helmet (worn)
 g - a +0 leather armour
 i - the cursed -2 pair of gloves of Gif Qasata (worn) {+Blink rCorr Dex-4}
   (You found it on level 4 of the Dungeon)

   It affects your dexterity (-4).
   It lets you blink.
   It provides partial protection from all sources of acid and corrosion.
   It has a curse placed upon it.
Wands
 j - a wand of iceblast (2)
Scrolls
 b - a scroll of immolation
 d - 3 scrolls of identify
 e - 4 scrolls of remove curse
 h - 7 scrolls of teleportation
 n - a scroll of blinking


   Skills:
 + Level 2.6 Fighting
 - Level 1.5 Dodging
 - Level 1.5 Stealth
 + Level 5.5 Spellcasting
 * Level 6.0 Conjurations
 + Level 0.8 Translocations


You had 10 spell levels left.
You knew the following spells:

 Your Spells              Type           Power        Failure   Level  Hunger
a - Magic Dart            Conj           ###.         1%          1    N/A
b - Searing Ray           Conj           ###...       1%          2    N/A
c - Iskenderun's Mystic   Conj/Tloc      ###.....     34%         4    N/A

Your spell library contained the following spells:

 Spells                   Type           Power        Failure   Level  Hunger
 Dazzling Flash           Conj/Hex       ##....       13%         3    N/A
 Fulminant Prism          Conj/Hex       ##........   38%         4    N/A

Dungeon Overview and Level Annotations

Branches:
Dungeon (5/15)
 Temple: D:4-7

Altars:
Ashenzari
Makhleb
Uskayaw
Vehumet

Annotations:
D:4 Pikel


Innate Abilities, Weirdness & Mutations

You do not eat or drink.
Your flesh is vulnerable to fire.
You are immune to poison.
Your flesh is cold resistant. (rC+)
You are immune to negative energy. (rN+++)
You are immune to unholy pain and torment.
You can survive without breathing.


Message History

Pikel barely misses you.
The searing ray hits Pikel.
Pikel is heavily wounded.
Pikel hits you with a +1 whip of flaming.
Pikel burns you.
The searing ray misses Pikel.
You finish channeling your searing ray.
Pikel hits you with a +1 whip of flaming!
* * * LOW HITPOINT WARNING * * *
Pikel burns you.
* * * LOW HITPOINT WARNING * * *
Casting: Searing Ray (safe; 1% risk of failure)
Confirm with . or Enter, or press ? or * to list all spells.
Aiming: Searing Ray (safe; 1% risk of failure)
Press: ? - help, Shift-Dir - straight line, f/p - Pikel
Aim: Pikel, wielding a +1 whip of flaming and wearing a +2 robe of fire resistance (heavily wounded)
The searing ray hits Pikel.
Pikel is severely wounded. (Press . to maintain the ray.) Pikel hits you with a +1 whip of flaming!
You die...

### ### ##.#
###########.##
#..#
#............#
##.##
##..........##
#..#
##.@K....#.#
##.##
#########.#
#..# ##.# ..##
#..# ..# #..#
.## #..# ####
..#
#..#####..#
..##
#..##....(#
#..##
#.........#


You could see Pikel.

Vanquished Creatures
  A water moccasin skeleton (D:5)
  A howler monkey (D:5)
  2 crimson imps (D:5)
  A centaur zombie (D:5)
  3 orc priests
  A bullfrog skeleton (D:4)
  2 hounds (D:5)
  2 worker ants (D:4)
  Ijyb (D:3)
  Natasha (D:3)
  Robin (D:2)
  A howler monkey skeleton (D:5)
  3 adders
  3 worms
  2 dart slugs
  3 leopard geckos
  15 orcs
  6 bats
  9 giant cockroaches
  15 goblins
  10 hobgoblins
  9 jackals
  2 ball pythons (D:1)
  7 frilled lizards
  12 kobolds
  8 rats
121 creatures vanquished.

Vanquished Creatures (others)
  A goblin (D:2)
1 creature vanquished.

Grand Total: 122 creatures vanquished

Notes
Turn   | Place    | Note
-------+----------+-------------------------------------------
     0 | D:1      | Eurus the Mummy Conjurer began the quest for the Orb.
     0 | D:1      | Reached XP level 1. HP: 13/13 MP: 4/4
   481 | D:1      | Reached XP level 2. HP: 19/19 MP: 3/6
   891 | D:1      | Learned a level 2 spell: Searing Ray
  1167 | D:2      | Found a radiant altar of Vehumet.
  1184 | D:2      | Reached XP level 3. HP: 24/24 MP: 1/7
  1191 | D:2      | Reached skill level 4 in Conjurations
  1653 | D:2      | Reached XP level 4. HP: 29/30 MP: 5/9
  1654 | D:2      | Found a hide-covered altar of Uskayaw.
  1701 | D:2      | Found a shattered altar of Ashenzari.
  1712 | D:2      | Became a worshipper of Ashenzari the Shackled
  1857 | D:2      | Noticed Robin
  1866 | D:2      | Killed Robin
  2541 | D:3      | Reached XP level 5. HP: 23/35 MP: 3/11
  2861 | D:3      | Noticed Ijyb
  2870 | D:3      | Killed Ijyb
  2870 | D:3      | Reached skill level 5 in Conjurations
  2937 | D:3      | Reached skill level 1 in Fighting
  3249 | D:3      | Noticed Natasha
  3252 | D:3      | Killed Natasha
  3597 | D:4      | Got the cursed pair of gloves of Gif Qasata {+Blink rCorr
                  | Dex-4}
  3643 | D:4      | Identified the cursed -2 pair of gloves of Gif Qasata
                  | {+Blink rCorr Dex-4} (You found it on level 4 of the
                  | Dungeon)
  3760 | D:4      | Reached XP level 6. HP: 35/43 MP: 6/13
  3834 | D:4      | Found a burning altar of Makhleb.
  4208 | D:4      | Reached skill level 5 in Spellcasting
  4499 | D:5      | Entered Level 5 of the Dungeon
  4737 | D:5      | Learned a level 4 spell: Iskenderun's Mystic Blast
  4814 | D:5      | Reached XP level 7. HP: 51/51 MP: 8/14
  4937 | D:5      | Reached * piety under Ashenzari
  4949 | D:5      | Reached skill level 6 in Conjurations
  5005 | D:5      | Noticed Pikel
  5040 | D:4      | Slain by Pikel

Levels and vault maps discovered:
D:1:      psy_arrival_dodecagon, layout_rooms, minmay_hexomino_u4
D:2:      layout_rooms, grunt_temple_overflow_open, lemuel_crystal_altar,
          kennysheep_nondescript, uniq_robin
D:3:      layout_basic, uniq_ijyb, uniq_natasha
D:4:      layout_cave_pods, kennysheep_mini_moat, first_ration,
          serial_column_ruins, column_ruins_columns_straight,
          column_ruins_corridor_corner, column_ruins_open_small,
          column_ruins_open_small
D:5:      layout_basic, nemelex_xobeh_ov_fountains_minmay,
          minmay_temple_entry_stoned_glass, serial_shops,
          nicolae_shop_behind_doors, kennysheep_generic_room_11, uniq_pikel

Skill      XL: |  1  2  3  4  5  6  7 |
---------------+----------------------+-----
Spellcasting   | 3 4 5 |  5.5
Conjurations   | 4 5 6 |  6.0
Fighting       | 1 2 |  2.6
Dodging        | |  1.5
Stealth        | |  1.5
Translocations | |  0.8

Action                   |  1- 3 |  4- 6 |  7- 9 || total
-------------------------+-------+-------+-------++-------
Melee: Unarmed           |    21 |       |       ||    21
       Short sword       |    26 |     3 |       ||    29
       Hand axe          |       |    33 |       ||    33
       Dagger            |       |    13 |     9 ||    22
 Cast: Magic Dart        |    82 |    60 |     2 ||   144
       Searing Ray       |     1 |    24 |     6 ||    31
  Use: Scroll            |       |     8 |       ||     8
 Stab: Sleeping          |       |     1 |       ||     1
Armor: Robe              |    27 |     9 |     3 ||    39
Dodge: Dodged            |    62 |    62 |    17 ||   141

Table legend:
 A = Non-vault XP
 B = Vault XP
 C = Vault XP percentage of total XP
 D = Non-vault monster count
 E = Vault monster count
 F = Vault count percentage of total count
                 A         B        C        D         E       F
            +---------+---------+-------+---------+---------+-------
      Total |     818 |     109 |  11.8 |     103 |      18 |  14.9
            +---------+---------+-------+---------+---------+-------
        D:1 |      30 |      12 |  28.6 |      18 |       8 |  30.8
        D:2 |      84 |      27 |  24.3 |      32 |       8 |  20.0
        D:3 |     131 |      70 |  34.8 |      35 |       2 |   5.4
        D:4 |     206 |       0 |   0.0 |       9 |       0 |   0.0
        D:5 |     367 |       0 |   0.0 |       9 |       0 |   0.0
            +---------+---------+-------+---------+---------+-------
